 Dungeon Crawl Stone Soup version 0.30-a0-802-gb92711bcdf (webtiles) character file.

Game seed: 4782057492934918165

282 Pimp the Trooper (level 6, 0/84 HPs)
             Began as a Hill Orc Fighter on Feb 24, 2023.
             Succumbed to a scorpion's poison
             ... on level 5 of the Dungeon.
             The game lasted 00:07:11 (3803 turns).

Pimp the Trooper (Hill Orc Fighter)                 Turns: 3803, Time: 00:07:12

Health: 0/84       AC:  6    Str: 21    XL:     6   Next: 28%
Magic:  6/6        EV:  4    Int:  6    God:
Gold:   74         SH: 12    Dex: 10    Spells: 5/5 levels left

rFire   . . .      SeeInvis .    a - +0 long sword
rCold   . . .      Faith    .    b - +0 tower shield
rNeg    . . .      Spirit   .    e - +0 chain mail
rPois   .          Reflect  .    (no helmet)
rElec   .          Harm     .    (no cloak)
rCorr   .          Rampage  .    (no gloves)
Will    .....                    g - +0 pair of boots Stlth
                                 (no amulet)
HPRegen 0.34/turn                (no ring)
MPRegen 0.10/turn                (no ring)

@: berserking (expiring), lethally poisoned (0 -> -3), very quick
A: deformed body, dopey 1
a: no special abilities


You were on level 5 of the Dungeon.
You visited 1 branch of the dungeon, and saw 5 of its levels.

You collected 261 gold pieces.
You spent 187 gold pieces at shops.

Inventory:

Hand Weapons
 a - a +0 long sword (weapon)
Missiles
 i - 4 silver boomerangs (quivered)
 x - a throwing net
Armour
 b - a +0 tower shield (worn)
 c - a +0 buckler
 e - a +0 chain mail (worn)
 g - a +0 pair of boots (worn)
Scrolls
 h - a scroll of enchant weapon {unknown}
 p - 2 scrolls of immolation {unknown}
 r - 2 scrolls of magic mapping {unknown}
 s - a scroll of fog {unknown}
 t - a scroll of vulnerability {unknown}
 w - a scroll of poison
 y - 2 scrolls of enchant armour
Potions
 d - a potion of might
 f - a potion of heal wounds
 j - a potion of resistance {unknown}
 k - 3 potions of berserk rage
 l - a potion of haste {unknown}
 m - 2 potions of curing {unknown}
 n - a potion of invisibility {unknown}
 o - 2 potions of attraction
 q - 3 potions of flight
 u - a potion of brilliance {unknown}


   Skills:
 + Level 5.1 Fighting
 + Level 3.9 Long Blades
 + Level 4.7 Armour
 + Level 4.7 Shields


You had 5 spell levels left.
You didn't know any spells.
Your spell library contained the following spells:

 Spells                   Type           Power      Damage    Failure   Level
 Ensorcelled Hibernation  Hex/Ice        0%         N/A       100%        2
 Call Canine Familiar     Summ           0%         N/A       100%        3
 Gell's Gravitas          Tloc           0%         N/A       100%        3
 Ozocubu's Armour         Ice            0%         N/A       100%        3
 Portal Projectile        Hex/Tloc       0%         N/A       100%        3
 Spider Form              Tmut/Pois      0%         N/A       100%        3
 Teleport Other           Tloc           0%         N/A       100%        3
 Anguish                  Hex/Necr       0%         N/A       100%        4
 Leda's Liquefaction      Hex/Erth       0%         N/A       100%        4
 Metabolic Englaciation   Hex/Ice        0%         N/A       100%        5
 Dispersal                Tloc           0%         N/A       100%        6
 Simulacrum               Ice/Necr       0%         N/A       100%        6


Dungeon Overview and Level Annotations

Branches:
Dungeon (5/15)
 Temple: D:4-7

Altars:
Cheibriados
Elyvilon
Makhleb
Qazlal
Ru

Shops:
D:4 ![?[!


Innate Abilities, Weirdness & Mutations

Armour fits poorly on your strangely shaped body.
You are dopey. (Int -2)


Message History

The scorpion stings you.
* * * LOW HITPOINT WARNING * * *
The hound bites you.
* * * LOW HITPOINT WARNING * * *
You slash the hound!
The hound is heavily wounded.
You feel sick. The hound bites you but does no damage.
You block the scorpion's attack.
You closely miss the hound.
The hound is heavily wounded.
You feel sick.
You are no longer poisoned.
You block the hound's attack.
The scorpion stings you but does no damage.
You block the hound's attack.
The scorpion stings you but does no damage.
You closely miss the hound.
The hound is heavily wounded.
You block the hound's attack. The scorpion stings you.
* * * LOW HITPOINT WARNING * * *
You block the hound's attack.
You closely miss the hound.
The hound is heavily wounded.
The scorpion stings you.
* * * LOW HITPOINT WARNING * * *
You are poisoned.
The scorpion poisons you! The hound bites you but does no damage.
A worm comes into view.
You hit the hound.
The hound is severely wounded.
You feel sick. You block the hound's attack.
The scorpion stings you but does no damage.
You block the hound's attack. You block the scorpion's attack.
You hit the hound.
You kill the hound!
You feel sick. The scorpion stings you.
* * * LOW HITPOINT WARNING * * *
You hit the scorpion but do no damage.
The scorpion is severely wounded.
You die...

#.# #####.######## #.#
#...............
#.###.#.#########..
#.<........##### .#
#..####.##.#...##.# #
#..# #.##........###.
# #..#
#.##.....#......
###..# #.#....#..#.#
..<..####......#@...#
###..........#.#s#..#
.....###.>....###....#
#..........#.. ..#...
#...........#. .#.....
#........##### #####..
#.......... .#
#.....#....#
###.####....


You could see a scorpion.

Vanquished Creatures
  3 hounds
  A jelly (D:4)
  2 orc wizards (D:2)
  4 adders
  5 worms
  A dart slug (D:1)
  5 orcs
  2 endoplasms (D:1)
  5 giant cockroaches
  4 goblins
  5 hobgoblins
  A jackal (D:4)
  A kobold (D:2)
  4 quokkas
  2 ball pythons (D:2)
  2 bats
  4 frilled lizards
  6 rats
57 creatures vanquished.

Notes
Turn   | Place    | Note
-------+----------+-------------------------------------------
     0 | D:1      | Pimp the Hill Orc Fighter began the quest for the Orb.
     0 | D:1      | Reached XP level 1. HP: 19/19 MP: 1/1
   338 | D:1      | Reached XP level 2. HP: 27/27 MP: 2/2
   364 | D:1      | Found a faded altar of an unknown god.
   763 | D:2      | Reached skill level 4 in Fighting
   865 | D:2      | Reached XP level 3. HP: 25/33 MP: 3/3
   995 | D:2      | Reached XP level 4. HP: 26/40 MP: 4/4
  1014 | D:2      | Gained mutation: Your body sometimes deteriorates upon
                  | taking damage. [potion of mutation]
  1014 | D:2      | Gained mutation: You have a pair of small horns on your
                  | head. [potion of mutation]
  1735 | D:3      | Found a snail-covered altar of Cheibriados.
  1872 | D:3      | Found a stormy altar of Qazlal.
  1910 | D:3      | Found a burning altar of Makhleb.
  1910 | D:3      | Found a sacrificial altar of Ru.
  1914 | D:3      | Reached XP level 5. HP: 47/47 MP: 5/5
  2527 | D:4      | Found Jedirigy's Antique Armour Emporium.
  2690 | D:4      | Found a white marble altar of Elyvilon.
  2714 | D:4      | Reached skill level 5 in Fighting
  2763 | D:4      | Found Bolyan's Armour Emporium.
  2947 | D:4      | Reached XP level 6. HP: 50/56 MP: 6/6
  2985 | D:4      | Found Viropnach's Distillery.
  3037 | D:4      | Bought a potion of mutation for 112 gold pieces
  3048 | D:4      | Found Ehev's Magic Scroll Shop.
  3139 | D:4      | Found Baw Tenu's Distillery.
  3188 | D:4      | Bought a scroll of enchant armour for 75 gold pieces
  3662 | D:4      | Lost mutation: You have a pair of small horns on your head.
                  | [potion of mutation]
  3662 | D:4      | Lost mutation: Your body sometimes deteriorates upon taking
                  | damage. [potion of mutation]
  3662 | D:4      | Gained mutation: Armour fits poorly on your strangely
                  | shaped body. [potion of mutation]
  3662 | D:4      | Gained mutation: You are dopey. (Int -2) [potion of
                  | mutation]
  3695 | D:5      | Entered Level 5 of the Dungeon
  3802 | D:5      | HP: 1/84 [scorpion (5)]
  3803 | D:5      | Succumbed to a scorpion's poison

Illustrated notes

Levels and vault maps discovered:
D:1:      matt_arrival_spirals, layout_loops_ring,
          dilly_ecumenical_altar_fadedgnrine, chequers_avenue
D:2:      layout_basic, serial_corexii_hall, chequers_hall_statues_corner_a,
          chequers_hall_statues_wall_a, chequers_hall_statues_corner_a,
          corexii_hall_statues_l, hangedman_decor_slide_cut
D:3:      layout_basic, mainiacjoe_overflow_cross_hatched,
          nicolae_qazlal_scattered_showers,
          chequers_temple_overflow_statue_of_worship, dk_vineyard_2,
          small_statue_intersection, wad_orctagon
D:4:      minmay_general_purpose_star, layout_basic, elyvilon_altar_1,
          serial_shops, nicolae_shop_window_shopping, shop_coins, shop,
          nicolae_shop_stone, kennysheep_mini
D:5:      layout_loops_ring, fedhas_altar_fruit_tree, zin_academy,
          nicolae_overflow_two_pavilions, minmay_temple_entry_arrows

Skill      XL: |  1  2  3  4  5 |
---------------+----------------+-----
Fighting       | 4 5 |  5.1
Long Blades    | 3 |  3.9
Armour         | 4 |  4.7
Shields        | 4 |  4.7

Action                     |  1- 3 |  4- 6 || total
---------------------------+-------+-------++-------
  Melee: Long sword        |    60 |   169 ||   229
         Headbutt          |       |    22 ||    22
    Use: Potion            |       |     4 ||     4
         Scroll            |       |     5 ||     5
 Armour: Chain mail        |    44 |   115 ||   159
         Scale mail        |     2 |       ||     2
  Dodge: Dodged            |    22 |    40 ||    62
  Block: Buckler           |    16 |    28 ||    44
         Tower shield      |       |    45 ||    45

Table legend: (Time is in decaauts)
 A = Elapsed time spent in this place.
 B = Non-inter-level travel time spent in this place.
 C = Inter-level travel time spent in this place.
 D = Time resting spent in this place.
 E = Time spent auto-exploring this place.
 F = Levels seen in this place.
 G = Mean time per level.
                   A        B        C        D        E       F      G
               +--------+--------+--------+--------+--------+-----+--------+
         Total |   3878 |   3717 |    161 |    349 |   2618 |   5 |  775.6 |
       Dungeon |   3878 |   3717 |    161 |    349 |   2618 |   5 |  775.6 |
               +--------+--------+--------+--------+--------+-----+--------+

Top non-repeatable levels by time:
     D:4: 1420 daAuts
     D:2: 923 daAuts
     D:1: 762 daAuts
     D:3: 655 daAuts
     D:5: 116 daAuts
